Map: Ley Lines

Players

SpeCial

  • Race: Protoss Protoss
  • League: Grandmaster
  • Spawn Location: 1:00

A.I. 1 (Very Easy) - Winner!

  • Race: Terran Terran
  • Spawn Location: 7:00

VOD

Have the link to the VOD?

Description

Time

  • Played on: Oct. 21, 2025, 10:13 p.m.
  • Length: 7:45
Show
View Real Time Build Order
Export as new Build Order

SpeCial Protoss 

Build Orders: 1 Gate Expand, Blink Stalkers, Colossus Rush 

Get SALT Encoding   

  12  0:02  Probe  
  13  0:14  Probe  
  13  0:18  Pylon  
  14  0:25  Probe  
  15  0:33  Probe  
  15  0:38  Gateway  
  15  0:41  Probe  
  16  0:47  Assimilator  
  17  0:52  Probe  
  18  1:05  Probe  
  19  1:17  Probe  
  20  1:25  Cybernetics Core  
  20  1:33  Nexus  
  20  1:38  Pylon  
  20  1:41  Probe  
  21  1:47  Assimilator  
  21  1:50  Stalker  
  21  1:53  Probe  
  22  2:05  Probe  
  22  2:07  Warp Gate  
  25  2:17  Probe  
  25  2:20  Stalker  
  26  2:23  Shield Battery  
  26  2:29  Probe  
  29  2:40  Twilight Council  
  29  2:41  Probe x2  
  30  2:50  Stalker  
  31  2:52  Probe  
  31  2:53  Probe  
  35  3:03  Probe  
  35  3:05  Probe  
  36  3:08  Gateway, Blink  
  37  3:13  Probe  
  37  3:15  Probe  
  39  3:21  Probe  
  40  3:27  Probe  
  40  3:32  Pylon, Probe  
  42  3:35  Robotics Facility  
  42  3:38  Assimilator  
  42  3:40  Probe  
  43  3:44  Probe  
  44  3:52  Probe  
  45  3:56  Probe  
  45  4:00  Stalker  
  45  4:02  Stalker  
  50  4:04  Probe  
  50  4:07  Pylon  
  50  4:08  Probe  
  52  4:17  Nexus  
  52  4:18  Observer, Probe  
  52  4:23  Pylon  
  54  4:32  Probe  
  54  4:33  Probe  
  54  4:34  Robotics Bay  
  54  4:35  Assimilator  
  56  4:43  Immortal  
  56  4:44  Probe  
  56  4:45  Probe  
  58  4:49  Stalker x2  
  66  4:56  Pylon  
  66  4:59  Probe x2  
  68  5:02  Charge  
  68  5:07  Gateway  
  68  5:09  Gateway  
  68  5:15  Probe  
  68  5:16  Probe  
  68  5:19  Colossus  
  68  5:20  Pylon  
  70  5:33  Probe x2  
  70  5:35  Probe  
  79  5:38  Extended Thermal Lance  
  79  5:45  Probe x2  
  79  5:47  Probe  
  82  5:52  Forge  
  82  5:57  Probe x2  
  82  5:59  Colossus, Probe  
  82  6:00  Gateway  
  82  6:02  Gateway  
  82  6:03  Sentry  
  87  6:14  Probe x2  
  87  6:15  Probe  
  96  6:21  Gateway  
  96  6:24  Gateway  
  96  6:26  Pylon  
  96  6:29  Gateway  
  96  6:31  Gateway  
  96  6:40  Pylon  
  96  6:42  Zealot x2  
  96  6:45  Colossus, Zealot x2  
  104  6:57  Nexus  
  110  7:01  Pylon  
  110  7:03  Zealot x2  
  110  7:06  Zealot  
  116  7:13  Pylon  
  116  7:14  Pylon  
  116  7:20  Zealot x4  
  124  7:29  Probe  
  125  7:30  Pylon  
  125  7:31  Probe x2  
  125  7:35  Zealot x3  
  133  7:41  Zealot x2  
  133  7:42  Zealot  
Show
View Real Time Build Order
Export as new Build Order

A.I. 1 (Very Easy) Terran - Winner!

Build Orders:  

Get SALT Encoding   

  12  0:00  SCV  
  13  0:13  SCV  
  14  0:18  Supply Depot  
  14  0:37  Refinery  
  14  0:43  Barracks  
  14  1:03  Supply Depot  
  14  1:11  Refinery  
  14  1:29  Orbital Command  
  14  1:30  Marine  
  15  1:48  Barracks Tech Lab  
  15  1:54  SCV  
  16  2:06  SCV  
  17  2:10  Marine  
  18  2:18  SCV  
  19  2:31  SCV  
  20  2:43  SCV  
  21  2:52  Marauder  
  21  2:55  SCV  
  24  6:22  SCV  
  24  6:23  Supply Depot, Marine  
  24  6:25  Factory  
  26  6:30  Command Center  
  26  6:34  SCV  
  27  6:46  SCV  
  28  6:47  Supply Depot  
  28  6:54  Marine  
  28  6:58  SCV  
  26  7:10  SCV  
  26  7:12  Starport  
  27  7:22  SCV  
  28  7:25  Marine  
Tags
 
Composition
Blink Stalkers
Matchup
PvT
Player
SpeCial
Spawn Locations
Cross Positions
Add a new tag
Caveats
  • Supply blocks, unpowered buildings, or Contaminate may cause inaccurate times.
  • Supply counts are checked every 10 seconds.